AoeStats
← Joaking

Arena

506562245Analyzed
4v4 RM · 17d ago on Sep 14, 2026· 47m 38s· 8 players
Game mode
Random Map
Map size
Large (8 player)
Population
200
Speed
Normal
Resources
Standard
Victory
Conquest
Starting age
Dark Age
Ending age
Imperial Age
RankedLock teamsTeams togetherTeam positionsShared explorationLock speedFull tech treeHidden civsTurbo modeCheats
Victory
Defeat
🇺🇸 Portuguese · United States
1053
+15
🇲🇽 Hindustanis · Mexico
1049
+15
🇨🇴 Ethiopians · Colombia
1045
+16
🇲🇽 Burgundians · Mexico
973
+18
🇵🇪 Koreans · Peru
1065
-17
🇵🇪 Teutons · Peru
1062
-17
🇨🇱 Japanese · Chile
1016
-15
🇦🇷 Burgundians · Argentina
1001
-15
Joaking
11:10 Feudal Age
15:28 Castle Age
29:46 Wheelbarrow
28:57 Town Watch
31:52 Imperial Age
29:16 Loom
30:02 Ballistics
29:53 Masonry
29:36 Fletching
29:50 Squires
29:35 Arson
29:37 Horse Collar
30:52 Bodkin Arrow
30:58 Scale Mail Armor
30:55 Guard Tower
31:58 Hand Cart
33:14 Town Patrol
32:59 Treadmill Crane
33:38 Chain Mail Armor
33:33 Forging
33:12 Arson
32:51 Pikeman
35:20 Keep
34:40 Halberdier
37:19 Chemistry
36:16 Murder Holes
37:19 Arrowslits
Camarada Artemio
2:53 Loom
11:05 Feudal Age
16:43 Castle Age
15:11 Double-Bit Axe
15:38 Horse Collar
16:14 Fletching
17:51 Heavy Plow
18:50 Bow Saw
22:05 Wheelbarrow
22:41 Town Watch
22:43 Crossbowman
24:39 Hand Cart
25:22 Bodkin Arrow
26:49 Thumb Ring
28:05 Treadmill Crane
29:07 Gold Mining
29:39 Ballistics
32:59 Imperial Age
31:13 Gold Shaft Mining
30:54 Pikeman
31:35 Squires
31:40 Scale Mail Armor
32:07 Masonry
34:50 Chemistry
33:58 Siege Engineers
34:23 Bracer
34:58 Conscription
34:48 Arbalester
36:07 Chain Mail Armor
35:38 Halberdier
44:30 Architecture
44:10 Fortified Wall
43:56 Murder Holes
43:41 Elite Skirmisher
45:00 Plate Mail Armor
45:59 Town Patrol
AGGM
10:28 Feudal Age
9:26 Double-Bit Axe
9:24 Horse Collar
12:10 Wheelbarrow
18:23 Castle Age
16:29 Heavy Plow
16:43 Bow Saw
16:43 Gold Mining
17:09 Stone Mining
22:27 Two-Man Saw
23:11 Loom
23:54 Hand Cart
24:55 Gold Shaft Mining
24:55 Stone Shaft Mining
26:06 Crop Rotation
27:58 Stone Shaft Mining
28:45 Scale Barding Armor
28:50 Forging
28:41 Scale Mail Armor
28:23 Cavalier
28:24 Light Cavalry
29:04 Husbandry
33:08 Imperial Age
31:12 Chain Barding Armor
31:28 Iron Casting
33:21 Paladin
35:17 Plate Barding Armor
35:23 Hussar
Sapolio
10:56 Feudal Age
18:42 Castle Age
16:54 Man-at-Arms
19:20 Forging
19:10 Scale Mail Armor
19:14 Loom
21:16 Double-Bit Axe
25:36 Fletching
26:37 Horse Collar
27:00 Long Swordsman
30:02 Gambesons
30:04 Arson
30:20 Squires
31:51 Town Watch
32:26 Heavy Plow
Maverick
10:45 Feudal Age
10:16 Loom
15:10 Castle Age
13:04 Horse Collar
13:33 Double-Bit Axe
17:00 Wheelbarrow
29:00 Imperial Age
27:23 Burgundian Vineyards
28:03 Bow Saw
27:55 Heavy Plow
28:17 Gold Mining
28:50 Hand Cart
28:45 Scale Barding Armor
28:51 Forging
29:07 Fletching
29:58 Gold Shaft Mining
28:57 Light Cavalry
30:05 Hussar
30:45 Husbandry
31:53 Two-Man Saw
31:18 Stone Mining
32:01 Conscription
32:18 Chain Barding Armor
33:52 Hoardings
32:55 Pikeman
34:12 Hoardings
34:20 Iron Casting
33:46 Scale Mail Armor
33:39 Halberdier
34:19 Squires
35:16 Arson
35:26 Town Watch
35:29 Treadmill Crane
36:52 Chemistry
36:27 Chain Mail Armor
37:12 Blast Furnace
36:47 Bodkin Arrow
36:59 Elite Skirmisher
38:06 Ballistics
38:20 Plate Mail Armor
39:43 Bracer
39:44 Padded Archer Armor
40:39 Town Patrol
41:21 Leather Archer Armor
42:45 Plate Barding Armor
43:23 Fortified Wall
43:23 Masonry
46:22 Architecture
Arthedain
12:05 Feudal Age
13:58 Double-Bit Axe
14:09 Gold Mining
16:29 Castle Age
14:17 Horse Collar
15:23 Loom
21:47 Scale Mail Armor
22:16 Squires
24:22 Chain Mail Armor
24:14 Fletching
24:22 Arson
26:52 Forging
30:48 Imperial Age
29:25 Iron Casting
29:29 Gold Shaft Mining
30:00 Bodkin Arrow
32:20 Plate Mail Armor
31:59 Capped Ram
35:25 Blast Furnace
34:33 Bracer
36:16 Conscription
37:31 Royal Heirs
36:52 Elite Shotel Warrior
38:03 Siege Ram
40:33 Wheelbarrow
39:44 Town Watch
47:17 Crossbowman
48:03 Thumb Ring
48:01 Padded Archer Armor
ArkumKnight007
10:21 Feudal Age
11:26 Double-Bit Axe
11:48 Horse Collar
17:25 Castle Age
17:15 Gold Mining
17:15 Stone Mining
17:32 Fletching
18:56 Bow Saw
23:49 Wheelbarrow
25:50 Murder Holes
28:41 Imperial Age
26:54 Heavy Plow
27:11 Bodkin Arrow
29:19 Masonry
30:19 Hand Cart
31:10 Fortified Wall
31:56 Coinage
32:22 Crop Rotation
33:05 Two-Man Saw
33:00 Banking
33:34 Stone Shaft Mining
39:58 Bracer
43:31 Architecture
Rey de Copas
10:29 Feudal Age
14:04 Castle Age
12:28 Double-Bit Axe
12:24 Horse Collar
27:31 Imperial Age
25:50 Forging
25:46 Scale Barding Armor
27:40 Iron Casting
27:26 Chain Barding Armor
27:39 Bloodlines
27:32 Husbandry
27:34 Heavy Camel Rider
29:56 Blast Furnace
30:09 Plate Barding Armor
30:28 Conscription
30:16 Grand Trunk Road
34:34 Imperial Camel Rider
Connection lost

Rejoining the realm…

Still unreachable

The connection could not be restored.

Session expired

The server has moved on; the page needs a fresh start.